 Dungeon Crawl Stone Soup version 0.20.1-1-g8b1a95d66d (webtiles) character file.

65 Chudej the Conjurer (level 3, -5/19 HPs)
             Began as a Deep Elf Conjurer on May 18, 2018.
             Slain by Terence
             ... wielding a +0 hand axe
              (7 damage)
             ... on level 2 of the Dungeon.
             The game lasted 00:03:34 (1747 turns).

Chudej the Conjurer (Deep Elf Conjurer)             Turns: 1747, Time: 00:03:34

Health: -5/19      AC:  3    Str:  5    XL:     3   Next: 92%
Magic:  3/11       EV: 12    Int: 20    God:
Gold:   37         SH:  0    Dex: 15    Spells: 8/11 levels left

rFire    . . .     SeeInvis .   (no weapon)
rCold    . . .     Gourm    .   (no shield)
rNeg     . . .     Faith    .   l - +0 leather armour
rPois    .         Spirit   .   (no helmet)
rElec    .         Reflect  .   (no cloak)
rCorr    .         Harm     .   (no gloves)
MR       .....                  (no boots)
Stlth    ++........             (no amulet)
Regen    0.1/turn               (no ring)
MPRegen  0.2/turn               (no ring)

@: no status effects
A: no striking features
a: no special abilities


You were on level 2 of the Dungeon.
You were not hungry.

You visited 1 branch of the dungeon, and saw 2 of its levels.

You collected 37 gold pieces.

Inventory:

Armour
 a - a +0 robe
 l - a +0 leather armour (worn)
Jewellery
 k - a +2 ring of intelligence {unknown}
Scrolls
 e - a scroll of remove curse {unknown}
 h - 3 scrolls of identify {unknown}
 i - a scroll of fog {unknown}
 j - a scroll of teleportation {unknown}
Potions
 d - a potion of cancellation {unknown}
 f - a potion of curing {unknown}
Books
 b - a book of Conjurations

   Spells                             Type                      Level
   a - Magic Dart                     Conjuration                  1
   b - Searing Ray                    Conjuration                  2
   c - Dazzling Spray                 Conjuration/Hexes            3
   d - Fulminant Prism                Conjuration/Hexes            4
   e - Force Lance                    Conjuration/Translocation    4
   f - Iskenderun's Mystic Blast      Conjuration                  4
Comestibles
 c - 2 bread rations
 g - 3 meat rations


   Skills:
 - Level 2.4 Dodging
 - Level 2.4 Stealth
 * Level 4.8 Spellcasting
 + Level 5.1 Conjurations


You had 8 spell levels left.
You knew the following spells:

 Your Spells              Type           Power        Failure   Level  Hunger
a - Magic Dart            Conj           ####         2%          1    None
b - Searing Ray           Conj           ####..       3%          2    #......


Dungeon Overview and Level Annotations

Branches:
Dungeon (2/15)

Altars:

Annotations:
D:2 Terence


Message History

The goblin barely misses you. The goblin hits you with a dagger.
Casting: Searing Ray
Confirm with . or Enter, or press ? or * to list all spells.
Aiming: Searing Ray
Press: ? - help, Shift-Dir - straight line, f/p - Terence
Aim: Terence, wielding a hand axe and wearing a scale mail The searing ray hits Terence.
Terence is lightly wounded. (Press . to maintain the ray.) Terence hits you with a hand axe.
The searing ray hits Terence.
Terence is lightly wounded.
Terence hits you with a hand axe.
The searing ray misses Terence.
Terence hits you with a hand axe.
* * * LOW HITPOINT WARNING * * *
The searing ray hits Terence.
Terence is heavily wounded.
You finish channeling your searing ray.
Terence hits you with a hand axe!
You die...

#.#...(......####.......##
#.'.............'.........
###.....#....####.........
#....>..................
###.......##..............
#.'.......................
#.#.......................
#.........@.....#.........
#........@#...............
#.........#...............
##........##...............
#.........###..............
#.######### ########.......
#....### #.......
#......### #......#
##.......## #......#
####.....## #...<...


You could see Terence.

Vanquished Creatures
  An adder (D:2)
  An ooze (D:1)
  2 worms (D:2)
  A leopard gecko (D:2)
  A giant cockroach (D:1)
  7 goblins
  5 hobgoblins
  3 jackals (D:2)
  2 ball pythons (D:2)
  5 bats (D:2)
  6 frilled lizards
  2 giant cockroach zombies (D:1)
  5 kobolds (D:1)
  5 rats
46 creatures vanquished.

Notes
Turn   | Place    | Note
-------+----------+-------------------------------------------
     0 | D:1      | Chudej the Deep Elf Conjurer began the quest for the Orb.
     0 | D:1      | Reached XP level 1. HP: 10/10 MP: 6/6
   307 | D:1      | Reached XP level 2. HP: 15/15 MP: 5/8
   311 | D:1      | Learned a level 2 spell: Searing Ray
   976 | D:2      | Reached XP level 3. HP: 19/19 MP: 4/10
  1124 | D:2      | Reached skill level 5 in Conjurations
  1164 | D:2      | Noticed Terence
  1747 | D:2      | Slain by Terence

Skill      XL: |  1  2  3 |
---------------+----------+-----
Spellcasting   | 4 |  4.8
Conjurations   | 5 |  5.1
Dodging        | |  2.4
Stealth        | |  2.4

Action                   || total
-------------------------++-------
 Cast: Magic Dart        ||    80
       Searing Ray       ||     6
  Eat: Chunk             ||     2
Armor: Leather armour    ||     2
Dodge: Dodged            ||    14
